 Dungeon Crawl Stone Soup version 0.28-a0-1182-g381e24db82 (webtiles) character file.

Game seed: 10801584731079695338

375 ChaosChampion the Insei (level 6, -4/38 HPs)
             Began as an Octopode Transmuter on Dec 17, 2021.
             Was an Initiate of Ru.
             Slain by Grinder (7 damage)
             ... on level 5 of the Dungeon.
             The game lasted 00:06:20 (5963 turns).

ChaosChampion the Insei (Octopode Transmuter)       Turns: 5963, Time: 00:06:21

Health: -4/38      AC:  2    Str:  9    XL:     6   Next: 73%
Magic:  8/11       EV: 19    Int: 17    God:    Ru [......]
Gold:   171        SH:  0    Dex: 18    Spells: 6/12 levels left

rFire   . . .      SeeInvis .     - Unarmed
rCold   . . .      Faith    .   (shield currently unavailable)
rNeg    . . .      Spirit   .   (helmet currently unavailable)
rPois   x          Reflect  .   (no amulet)
rElec   .          Harm     .   (no ring)
rCorr   .          Rampage  .   (no ring)
Will    .....                   (no ring)
Stlth   ++........              (no ring)
HPRegen 0.12/turn               (no ring)
MPRegen 0.12/turn               (no ring)
                                (no ring)
                                (no ring)

@: mighty, spider-form, wereblooded
A: venomous fangs, almost no armour, (amphibious), 8 rings, tiny, (camouflage
1), (gelatinous body 1), (nimble swimmer 1), (tentacles)
a: End Transformation, Renounce Religion


You were on level 5 of the Dungeon.
You worshipped Ru.
Ru was noncommittal.
You were a venomous arachnid creature.
You visited 2 branches of the dungeon, and saw 7 of its levels.

You collected 171 gold pieces.

Inventory:

Missiles
 d - 2 throwing nets
Scrolls
 f - a scroll of identify
 g - a scroll of brand weapon {unknown}
Potions
 a - a potion of flight
 b - a potion of might
 c - a potion of invisibility {unknown}
 e - 3 potions of haste {unknown}
 h - a potion of curing {unknown}


   Skills:
 - Level 1.0 Fighting
 - Level 2.0 Dodging
 + Level 4.7 Unarmed Combat
 * Level 3.5 Spellcasting
 + Level 3.5 Transmutations
 * Level 3.7 Poison Magic


You had 6 spell levels left.
You knew the following spells:

 Your Spells              Type           Power      Damage    Failure   Level
a - Beastly Appendage     Tmut           28%        N/A       13%         1
b - Wereblood             Tmut           14%        N/A       17%         2
c - Spider Form           Tmut/Pois      15%        N/A       26%         3

Your spell library contained the following spells:

 Spells                   Type           Power      Damage    Failure   Level
 Animate Skeleton         Necr           4%         N/A       36%         1
 Pain                     Necr           8%         1d4       36%         1
 Vampiric Draining        Necr           2%         2d6       67%         3
 Ice Form                 Ice/Tmut       8%         N/A       82%         4


Dungeon Overview and Level Annotations

Branches:
Dungeon (6/15)             Temple (1/1) D:4

Altars:
Ashenzari
Cheibriados
Dithmenos
Elyvilon
Fedhas
Gozag
Hepliaklqana
Kikubaaqudgha
Makhleb
Okawaru
Qazlal
Ru
Sif Muna
Trog
Uskayaw
Vehumet
Wu Jian
Xom
Yredelemnul
Zin
The Shining One

Shops:
D:1 [   D:3 =

Annotations:
D:5 Grinder


Innate Abilities, Weirdness & Mutations

You are a venomous arachnid creature.
You have poisonous fangs.
You are tiny and dextrous.
Your spellcasting is less reliable in this form.
Your armour is entirely melded.
You are incapable of wielding weapons or throwing items.
You cannot wear most types of armour.
((You are amphibious.))
You can wear up to eight rings at the same time.
((Your skin changes colour to match your surroundings (Stealth+).))
((Your rubbery body absorbs attacks. (AC +1, EV +1)))
((You are camouflaged near water. (Stealth+)))
((You have tentacles for arms and can constrict up to eight enemies at once.))


Message History

You hiss for attention!
You hear a shout!
Grinder misses you.
You barely miss Grinder.
Grinder blinks!
Grinder blinks!
Grinder zaps a wand.
The puff of flame hits you.
You hit Grinder but do no damage. Grinder hits you.
You hit Grinder.
Grinder is lightly wounded.
You hit Grinder but do no damage.
Grinder is lightly wounded.
Grinder says, "Just stop there for a second..."
Grinder zaps a wand.
The puff of flame hits you!
You bite Grinder!
Grinder is moderately wounded.
Grinder misses you.
You hit Grinder.
Grinder is heavily wounded.
Grinder gestures at you. You resist with significant effort.
You completely miss Grinder.
Grinder is heavily wounded.
Grinder zaps a wand.
The puff of flame hits you!
You are too injured to fight recklessly!
You completely miss Grinder.
Grinder is heavily wounded.
Grinder gestures at you. Pain shoots through your body!
You hit Grinder.
Grinder is heavily wounded.
Grinder hits you!
* * * LOW HITPOINT WARNING * * *
You writhe in agony.
* * * LOW HITPOINT WARNING * * *
It was a potion of might.
You feel very mighty all of a sudden. Grinder barely misses you.
You bite Grinder!
Grinder is poisoned.
Grinder is severely wounded.
Grinder hits you!
You die...

............5.......
#.##....###########
..............#
#.##....#####.#
#.#......#
#.#..###.# ( #.>#
#########.##
#.......s5#
#.######### #.# #.#
#.# #.# #.# #.# #.#


You could see Grinder (very poisoned).

Vanquished Creatures
  A howler monkey (D:4)
  A gnoll shaman (D:4)
  A hound (D:4)
  Jessica (D:2)
  2 orc wizards (D:4)
  An iguana (D:4)
  Robin (D:4)
  4 adders
  4 gnolls (D:4)
  A worm (D:2)
  3 dart slugs
  7 orcs
  5 ball pythons
  7 endoplasms
  2 giant cockroaches
  11 goblins
  7 hobgoblins
  4 jackals (D:1)
  2 kobolds
  2 quokkas
  4 bats (D:1)
  4 frilled lizards
  7 rats
82 creatures vanquished.

Vanquished Creatures (others)
  14 plants (D:4)
14 creatures vanquished.

Grand Total: 96 creatures vanquished

Notes
Turn   | Place    | Note
-------+----------+-------------------------------------------
     0 | D:1      | ChaosChampion the Octopode Transmuter began the quest for
                  | the Orb.
     0 | D:1      | Reached XP level 1. HP: 13/13 MP: 3/3
   158 | D:1      | Reached XP level 2. HP: 11/18 MP: 5/5
   560 | D:1      | Learned a level 2 spell: Wereblood
   848 | D:1      | Reached XP level 3. HP: 23/23 MP: 4/6
  1020 | D:1      | Found Ullu's Armour Emporium.
  1352 | D:2      | Reached skill level 4 in Unarmed Combat
  1773 | D:2      | Learned a level 3 spell: Spider Form
  1881 | D:2      | Noticed Jessica
  1894 | D:2      | Killed Jessica
  1895 | D:2      | Reached skill level 1 in Poison Magic
  1895 | D:2      | Reached XP level 4. HP: 27/28 MP: 3/7
  2135 | D:2      | You fall into a shaft and drop 1 floor!
  2166 | D:3      | Found Ninweuxt's One-of-a-Kind Rings.
  2372 | D:3      | Reached XP level 5. HP: 31/33 MP: 8/8
  3518 | D:4      | Reached XP level 6. HP: 38/38 MP: 5/10
  3749 | D:4      | Found a staircase to the Ecumenical Temple.
  3798 | Temple   | Entered the Ecumenical Temple
  4242 | Temple   | Became a worshipper of Ru the Awakened
  4579 | D:4      | Noticed Robin
  4970 | D:4      | Killed Robin
  5449 | D:5      | Entered Level 5 of the Dungeon
  5516 | D:5      | Noticed Grinder
  5534 | D:5      | Paralysed by Grinder for 3 turns
  5538 | D:6      | Noticed a water moccasin
  5963 | D:5      | Slain by Grinder

Illustrated notes

Levels and vault maps discovered:
D:1:      amcnicky_arrival_choice, layout_basic, serial_shops,
          nicolae_diamond_shop
D:2:      layout_loops_ring, hellmonk_ecumenical_altar_pennies_from_heaven,
          minmay_fractal_squares_gapless_5, uniq_jessica
D:3:      layout_basic, minmay_misc_feat_ornament, nicolae_shop_unique_rings,
          kennysheep_doodads, dk_noncrumbling_2
D:4:      layout_gridville, minmay_temple_entry_glassed_door,
          nicolae_grassy_gnolls, uniq_robin
D:5:      layout_basic, uniq_grinder
D:6:      layout_loops_cross, serial_bayou_pond_e, ebering_dispersal_statue_hall
Temple:   regret_index_temple_sigil_plot

Skill      XL: |  1  2  3  4  5 |
---------------+----------------+-----
Unarmed Combat | 4 |  4.7
Poison Magic   | 1 3 |  3.7
Transmutations | 3 |  3.5
Spellcasting   | 3 |  3.5
Fighting       | |  1.0
Dodging        | |  2.0

Action                   |  1- 3 |  4- 6 || total
-------------------------+-------+-------++-------
Melee: Unarmed           |    77 |   129 ||   206
       Constrict         |    14 |    17 ||    31
       Kick              |    16 |     9 ||    25
       Punch             |     1 |     2 ||     3
       Tentacles         |     7 |     9 ||    16
 Cast: Beastly Appendage |    25 |    13 ||    38
       Wereblood         |     7 |    12 ||    19
       Spider Form       |     1 |    14 ||    15
  Use: Scroll            |       |     4 ||     4
       Potion            |       |     1 ||     1
 Stab: Sleeping          |     5 |     1 ||     6
Armor: Skin              |     8 |    11 ||    19
Dodge: Dodged            |    40 |    91 ||   131

Table legend: (Time is in decaauts)
 A = Elapsed time spent in this place.
 B = Non-inter-level travel time spent in this place.
 C = Inter-level travel time spent in this place.
 D = Time resting spent in this place.
 E = Time spent auto-exploring this place.
 F = Levels seen in this place.
 G = Mean time per level.
                   A        B        C        D        E       F      G
               +--------+--------+--------+--------+--------+-----+--------+
         Total |   5950 |   5831 |    119 |    927 |   4059 |   7 |  850.0 |
       Dungeon |   5487 |   5406 |     81 |    927 |   3653 |   6 |  914.5 |
        Temple |    462 |    424 |     38 |      0 |    406 |   1 |  462.0 |
               +--------+--------+--------+--------+--------+-----+--------+

Top non-repeatable levels by time:
     D:4: 1832 daAuts
     D:1: 1425 daAuts
     D:3: 1301 daAuts
     D:2: 703 daAuts
  Temple: 462 daAuts
     D:5: 217 daAuts
     D:6: 6 daAuts
